 Dungeon Crawl Stone Soup version 0.28.0-53-g5a82cb258f (webtiles) character file.

Game seed: 2508846857234067884

16 Sin92 the Skirmisher (level 2, -1/24 HPs)
             Began as a Demonspawn Fighter on June 3, 2022.
             Slain by a hobgoblin
             ... wielding a +0 spear
              (2 damage)
             ... on level 1 of the Dungeon.
             The game lasted 00:00:21 (457 turns).

Sin92 the Skirmisher (Demonspawn Fighter)            Turns: 457, Time: 00:00:22

Health: -1/24      AC:  6    Str: 16    XL:     2   Next: 37%
Magic:  2/2        EV:  9    Int:  9    God:
Gold:   20         SH:  4    Dex: 12    Spells: 1/1 levels left

rFire   . . .      SeeInvis .   a - +0 war axe
rCold   . . .      Faith    .   c - +0 buckler
rNeg    . . .      Spirit   .   b - +0 scale mail
rPois   .          Reflect  .   (no helmet)
rElec   .          Harm     .   (no cloak)
rCorr   .          Rampage  .   (no gloves)
Will    .....                   (no boots)
Stlth   ..........              (no amulet)
HPRegen 0.08/turn               (no ring)
MPRegen 0.08/turn               (no ring)

@: no status effects
A: demonic guardian 1
a: no special abilities


You were on level 1 of the Dungeon.
You visited 1 branch of the dungeon, and saw 1 of its levels.

You collected 20 gold pieces.

Inventory:

Hand Weapons
 a - a +0 war axe (weapon)
Armour
 b - a +0 scale mail (worn)
 c - a +0 buckler (worn)
Scrolls
 e - a scroll of identify {unknown}
Potions
 d - a potion of might


   Skills:
 + Level 3.1 Fighting
 + Level 2.0 Axes
 + Level 2.8 Armour
 + Level 0.5 Dodging
 + Level 2.8 Shields


You had one spell level left.
You didn't know any spells.
Your spell library was empty.

Dungeon Overview and Level Annotations

Branches:
Dungeon (1/15)

Altars:


Innate Abilities, Weirdness & Mutations

A weak demonic guardian rushes to your aid.


Message History

You kill the kobold!
You hit the dart slug.
A dart slug is nearby!
You slash the dart slug!
You kill the dart slug!
A hobgoblin comes into view. It is wielding a +0 spear.
The hobgoblin shouts!
Things that are here:
a +0 dagger; 3 stones; a kobold corpse A hobgoblin is nearby!
A hobgoblin is nearby!
The hobgoblin closely misses you.
The hobgoblin drinks a potion.
The hobgoblin seems to grow stronger.
A hobgoblin is nearby!
You hit the hobgoblin.
The hobgoblin is almost dead.
The hobgoblin barely misses you.
A hobgoblin is nearby!
Unknown command.
You barely miss the hobgoblin.
The hobgoblin is almost dead.
The hobgoblin hits you with a +0 spear!
A demonic guardian appears!
You block the hobgoblin's attack.
A hobgoblin is nearby!
A hobgoblin is nearby!
You are too injured to fight recklessly!
A hobgoblin is nearby!
You are too injured to fight recklessly!
Unknown command.
A hobgoblin is nearby!
You are too injured to fight recklessly!
You are too injured to fight recklessly!
You barely miss the hobgoblin.
The hobgoblin is almost dead.
The hobgoblin hits you with a +0 spear!
* * * LOW HITPOINT WARNING * * *
You barely miss the hobgoblin.
The hobgoblin is almost dead.
The hobgoblin hits you with a +0 spear.
You die...

#)#### #.#
#.# #.# ####
#.# #..
#.#....
#.#.#.#
#.#.#g#
#.#.#@##
#.#.#5.#
#.#.##)#
#.#.##.#
#....#.##.#.#
###.........#
##.#.##.###
#.#.# # #.#.#


You could see a hobgoblin (strong, ally target) and a friendly white imp
(summoned).

Vanquished Creatures
  A dart slug (D:1)
  2 bats (D:1)
  An endoplasm (D:1)
  A giant cockroach (D:1)
  2 hobgoblins (D:1)
  A quokka (D:1)
  A ball python (D:1)
  4 kobolds (D:1)
13 creatures vanquished.

Notes
Turn   | Place    | Note
-------+----------+-------------------------------------------
     0 | D:1      | Sin92 the Demonspawn Fighter began the quest for the Orb.
     0 | D:1      | Reached XP level 1. HP: 18/18 MP: 1/1
    95 | D:1      | Gained mutation: A weak demonic guardian rushes to your
                  | aid. [demonic ancestry]
    95 | D:1      | Reached XP level 2. HP: 18/24 MP: 2/2
   456 | D:1      | HP: 1/24 [hobgoblin/+0 spear (10)]
   457 | D:1      | Slain by a hobgoblin

Illustrated notes

Levels and vault maps discovered:
D:1:      wander_arrival_chamber, layout_loops_ring,
          hellmonk_ecumenical_altar_watching_god

Skill      XL: |  1  2 |
---------------+-------+-----
Axes           | 2 |  2.0
Fighting       | |  3.1
Armour         | |  2.8
Dodging        | |  0.5
Shields        | |  2.8

Action                   || total
-------------------------++-------
Melee: War axe           ||    36
Armor: Scale mail        ||     9
Dodge: Dodged            ||    20
Block: Buckler           ||     9
